 Dungeon Crawl Stone Soup version 0.30-a0-743-gbfdf073431 (webtiles) character file.

Game seed: 12944428163904930887

73 cheesebisquit the Digger (level 4, -1/24 HPs)
             Began as a Gargoyle Earth Elementalist on Feb 5, 2023.
             Slain by a steam dragon (3 damage)
             ... on level 3 of the Dungeon.
             The game lasted 00:06:18 (2124 turns).

cheesebisquit the Digger (GrEE)                     Turns: 2124, Time: 00:06:18

Health: -1/24      AC:  6    Str: 11    XL:     4   Next: 27%
Magic:  1/7        EV: 12    Int: 18    God:
Gold:   83         SH:  0    Dex: 16    Spells: 4/7 levels left

rFire   . . .      SeeInvis .    e - +0 rapier
rCold   . . .      Faith    .    (no shield)
rNeg    + . .      Spirit   .    a - +0 robe
rPois   ∞          Reflect  .    (no helmet)
rElec   +          Harm     .    f - +0 cloak
rCorr   .          Rampage  .    (no gloves)
Will    +....                    (no boots)
Stlth   ++                       (no amulet)
HPRegen 0.24/turn                c - +6 ring of dexterity
MPRegen 0.10/turn                o - ring of willpower

@: no status effects
A: sickness immunity, AC +3, negative energy resistance 1, electricity
resistance, torment resistance 1, petrification resistance
a: no special abilities


You were on level 3 of the Dungeon.
You visited 1 branch of the dungeon, and saw 3 of its levels.

You collected 83 gold pieces.

Inventory:

Hand Weapons
 e - a +0 rapier (weapon)
 q - a +2 dagger of speed
Armour
 a - a +0 robe (worn)
 f - a +0 cloak (worn)
Jewellery
 c - a +6 ring of dexterity (left hand)
 o - a ring of willpower (right hand)
Scrolls
 g - 2 scrolls of identify {unknown}
 h - a scroll of fear {unknown}
 i - a scroll of enchant armour {unknown}
 m - a scroll of fog {unknown}
 n - a scroll of magic mapping {unknown}
Potions
 b - a potion of magic
 d - a potion of heal wounds {unknown}
 j - a potion of ambrosia {unknown}
 k - 2 potions of mutation {unknown}
 l - a potion of brilliance {unknown}
 p - a potion of curing {unknown}


   Skills:
 + Level 2.0 Dodging
 + Level 2.9 Stealth
 + Level 2.4 Spellcasting
 + Level 1.3 Transmutations
 * Level 4.5 Earth Magic


You had 4 spell levels left.
You knew the following spells:

 Your Spells              Type           Power      Damage    Failure   Level
a - Sandblast             Erth           36%        2d10      2%          1
b - Passwall              Tmut/Erth      10%        N/A       8%          2

Your spell library contained the following spells:

 Spells                   Type           Power      Damage    Failure   Level
 Stone Arrow              Conj/Erth      20%        3d8       21%         3
 Petrify                  Tmut/Erth      12%        N/A       45%         4


Dungeon Overview and Level Annotations

Branches:
Dungeon (3/15)

Altars:

Shops:
D:3 *

Annotations:
D:3 Grinder


Innate Abilities, Weirdness & Mutations

You are immune to sickness and miasma.
Your stone body is resilient. (AC +3)
You are immune to poison.
You resist negative energy. (rN+)
You are resistant to electric shocks. (rElec)
You are resistant to unholy torment.
You are immune to petrification.


Message History

You kill the ball python!
You start resting.
Magic restored.
An adder comes into view.
Found Lukhum's General Store.
Found an escape hatch in the ceiling.
A steam dragon comes into view.
Found a scroll labelled QUOPPE NUNOROA.
The adder hisses angrily.
The blast of sand hits the adder!!
You kill the adder!
The steam dragon hisses angrily.
The blast of sand hits the steam dragon!
The steam dragon is moderately wounded.
The blast of sand hits the steam dragon!
The steam dragon is severely wounded.
The steam dragon bites you. The steam dragon claws you.
The blast of sand hits the steam dragon but does no damage.
The steam dragon is severely wounded.
The steam dragon bites you. The steam dragon closely misses you.
The steam dragon barely misses you. x2
The blast of sand hits the steam dragon.
The steam dragon is severely wounded.
The steam dragon bites you. The steam dragon claws you.
You are too injured to fight recklessly!
Aiming: Sandblast (safe; 2% risk of failure)
Press: ? - help, Q - select action, (/) - cycle Shift-Dir - straight line, f/p - steam dragon
Aim: a steam dragon (severely wounded, 82% to hit)
The blast of sand hits the steam dragon!
The steam dragon is almost dead.
The steam dragon closely misses you. The steam dragon misses you.
The steam dragon bites you. The steam dragon barely misses you.
Aiming: Sandblast (safe; 2% risk of failure)
Press: ? - help, Q - select action, (/) - cycle Shift-Dir - straight line, f/p - steam dragon
Aim: a steam dragon (almost dead, 82% to hit)
The blast of sand hits the steam dragon but does no damage.
The steam dragon is almost dead.
The steam dragon bites you!
* * * LOW HITPOINT WARNING * * *
The steam dragon claws you.
You die...

?. #.# ... #.#
...###########.#########
.............#..........
........................
#............###########
#.......###### ........#
### .......@# #..
..##.#D## #.. . ≈≈.#<
#.. ≈≈~≈ #. #.. ≈≈∩ .#
#.. ≈≈~ . #.. ## ##..
#... #...


You could see a steam dragon.

Vanquished Creatures
  A gnoll (D:1)
  An adder (D:3)
  A worm (D:2)
  A dart slug (D:1)
  3 endoplasms
  3 giant cockroaches
  5 goblins
  5 hobgoblins (D:1)
  3 quokkas
  3 ball pythons
  9 bats
  A frilled lizard (D:2)
  4 kobolds
  9 rats
49 creatures vanquished.

Notes
Turn   | Place    | Note
-------+----------+-------------------------------------------
     0 | D:1      | cheesebisquit the Gargoyle Earth Elementalist began the
                  | quest for the Orb.
     0 | D:1      | Reached XP level 1. HP: 10/10 MP: 3/3
   150 | D:1      | Reached skill level 1 in Transmutations
   150 | D:1      | Reached XP level 2. HP: 15/15 MP: 1/5
   153 | D:1      | Learned a level 2 spell: Passwall
   345 | D:1      | Reached skill level 4 in Earth Magic
   433 | D:1      | Reached XP level 3. HP: 19/19 MP: 4/6
  1945 | D:3      | Reached XP level 4. HP: 24/24 MP: 5/7
  2048 | D:3      | Noticed Grinder
  2114 | D:3      | Found Lukhum's General Store.
  2115 | D:3      | Noticed a steam dragon
  2124 | D:3      | Slain by a steam dragon

Illustrated notes

Levels and vault maps discovered:
D:1:      dpeg_arrival_boxorama, layout_basic
D:2:      layout_basic
D:3:      layout_basic, mainiacjoe_overflow_six_doors_small, serial_shops,
          nicolae_shop_waterfront, grunt_ministairs_15, nicolae_hexahallways,
          uniq_sigmund, uniq_natasha, uniq_grinder

Skill      XL: |  1  2  3 |
---------------+----------+-----
Transmutations | 1 |  1.3
Earth Magic    | 4 |  4.5
Dodging        | 2 |  2.0
Stealth        | |  2.9
Spellcasting   | |  2.4

Action                     |  1- 3 |  4- 6 || total
---------------------------+-------+-------++-------
  Melee: Unarmed           |    10 |       ||    10
   Cast: Sandblast         |    58 |    14 ||    72
 Armour: Robe              |     6 |       ||     6
  Dodge: Dodged            |    25 |     6 ||    31

Table legend: (Time is in decaauts)
 A = Elapsed time spent in this place.
 B = Non-inter-level travel time spent in this place.
 C = Inter-level travel time spent in this place.
 D = Time resting spent in this place.
 E = Time spent auto-exploring this place.
 F = Levels seen in this place.
 G = Mean time per level.
                   A        B        C        D        E       F      G
               +--------+--------+--------+--------+--------+-----+--------+
         Total |   2157 |   2097 |     60 |     10 |   1786 |   3 |  719.0 |
       Dungeon |   2157 |   2097 |     60 |     10 |   1786 |   3 |  719.0 |
               +--------+--------+--------+--------+--------+-----+--------+

Top non-repeatable levels by time:
     D:1: 1023 daAuts
     D:2: 943 daAuts
     D:3: 190 daAuts
